Map: Jagannatha LE

Players

ButAlways

  • Race: Protoss Protoss

GogojOey - Winner!

  • Race: Zerg Zerg

VOD

Have the link to the VOD?

Description

Time

  • Played on: Sept. 30, 2021, 7:08 a.m.
  • Length: 6:21
Show
View Real Time Build Order
Export as new Build Order

ButAlways Protoss 

Build Orders: 1 Gate Expand 

Get SALT Encoding   

  12  0:00  Probe  
  13  0:12  Probe  
  14  0:20  Pylon  
  14  0:24  Probe  
  15  0:38  Gateway, Probe (Chrono Boost)  
  16  0:48  Assimilator, Probe (Chrono Boost)  
  17  0:53  Probe (Chrono Boost)  
  18  1:04  Probe  
  19  1:15  Pylon  
  19  1:16  Probe  
  20  1:31  Nexus  
  20  1:36  Cybernetics Core  
  20  1:39  Probe  
  21  1:47  Assimilator  
  21  1:51  Probe  
  22  1:57  Pylon  
  22  2:03  Probe (Chrono Boost)  
  23  2:12  Adept (Chrono Boost)  
  23  2:14  Probe (Chrono Boost)  
  26  2:22  Probe  
  26  2:23  Stargate  
  27  2:35  Adept  
  27  2:36  Probe (Chrono Boost), Warp Gate  
  30  2:43  Probe (Chrono Boost)  
  32  2:52  Probe (Chrono Boost)  
  32  2:53  Probe (Chrono Boost)  
  32  2:57  Void Ray (Chrono Boost)  
  32  2:58  Probe (Chrono Boost)  
  33  2:59  Probe  
  35  3:10  Probe  
  35  3:11  Probe  
  41  3:17  Pylon  
  41  3:22  Probe  
  41  3:23  Probe  
  41  3:24  Gateway  
  43  3:30  Void Ray (Chrono Boost)  
  43  3:34  Probe  
  43  3:35  Probe  
  49  3:46  Probe  
  49  3:47  Probe  
  51  3:53  Nexus  
  51  3:57  Pylon  
  51  3:58  Probe  
  51  3:59  Probe  
  53  4:08  Assimilator  
  53  4:10  Assimilator, Probe  
  53  4:14  Stargate  
  53  4:15  Probe  
  55  4:22  Probe  
  56  4:28  Probe  
  56  4:30  Void Ray (Chrono Boost), Pylon  
  57  4:35  Probe  
  57  4:36  Forge  
  62  4:48  Probe x2  
  62  4:52  Pylon  
  64  4:58  Void Ray (Chrono Boost), Shield Battery  
  64  5:00  Probe x2  
  70  5:10  Twilight Council  
  70  5:11  Adept x2  
  72  5:17  Shield Battery  
  72  5:21  Shield Battery  
  72  5:23  Shield Battery  
  72  5:24  Pylon  
  72  5:30  Shield Battery  
  72  5:34  Pylon  
  68  5:37  Stalker  
  74  5:44  Void Ray (Chrono Boost)  
  74  5:48  Pylon  
  70  5:50  Stalker  
  70  5:55  Shield Battery  
  70  5:56  Shield Battery  
  72  6:01  Shield Battery  
  66  6:05  Zealot  
Show
View Real Time Build Order
Export as new Build Order

GogojOey Zerg - Winner!

Build Orders: Hatch First 

Get SALT Encoding   

  12  0:00  Drone  
  13  0:12  Overlord  
  13  0:17  Drone  
  14  0:30  Drone x2  
  16  0:45  Drone x2  
  18  0:55  Hatchery  
  17  0:58  Extractor  
  17  1:00  Drone  
  17  1:14  Spawning Pool  
  17  1:17  Drone  
  17  1:20  Drone  
  18  1:28  Drone  
  19  1:38  Drone  
  20  1:50  Drone  
  21  2:02  Zergling x2  
  21  2:05  Metabolic Boost  
  21  2:06  Queen  
  21  2:07  Zergling x2, Queen  
  27  2:11  Overlord  
  27  2:18  Drone  
  28  2:29  Drone  
  29  2:33  Hatchery  
  28  2:37  Drone  
  28  2:38  Drone  
  28  2:42  Drone  
  31  2:48  Queen  
  33  2:53  Overlord  
  33  3:01  Drone x3  
  36  3:12  Drone x2  
  38  3:15  Drone x5  
  43  3:20  Overlord  
  43  3:21  Drone  
  43  3:26  Overlord  
  44  3:35  Overlord  
  44  3:44  Queen x2  
  44  3:45  Queen  
  50  3:51  Roach Warren  
  50  3:52  Drone  
  50  3:58  Drone  
  50  3:59  Spore Crawler  
  50  4:02  Extractor  
  50  4:03  Drone x4  
  50  4:06  Spore Crawler  
  50  4:09  Drone x2  
  54  4:12  Spore Crawler  
  54  4:15  Drone  
  54  4:16  Overlord  
  54  4:25  Queen  
  56  4:31  Overlord  
  56  4:32  Roach x3  
  56  4:35  Roach  
  56  4:37  Roach  
  66  4:41  Roach x2  
  66  4:42  Zergling x2  
  71  4:46  Zergling x4  
  71  4:51  Zergling x8  
  77  4:56  Queen  
  77  4:58  Ravager x2  
  81  5:05  Overlord  
  80  5:10  Zergling x4  
  81  5:16  Zergling x2  
  81  5:19  Ravager  
  81  5:28  Zergling x18  
  89  5:38  Zergling x2  
  89  5:41  Overlord x2  
  85  5:58  Zergling x8  
  89  6:07  Ravager x2  
Tags
 
Add a new tag
Caveats
  • Supply blocks, unpowered buildings, or Contaminate may cause inaccurate times.
  • Supply counts are checked every 10 seconds.